 Dungeon Crawl Stone Soup version 0.20.1-1-g8b1a95d (webtiles) character file.

1123 doMalho the Archer (level 8, -7/71 HPs)
             Began as a Minotaur Hunter on Oct 27, 2017.
             Mangled by Pikel
             ... wielding a +1 whip of electrocution
              (10 damage)
             ... on level 8 of the Dungeon.
             The game lasted 00:47:47 (4068 turns).

doMalho the Archer (Minotaur Hunter)                Turns: 4068, Time: 00:47:47

Health: -7/71      AC:  5    Str: 19    XL:     8   Next: 13%
Magic:  7/7        EV: 14    Int:  8    God:
Gold:   376        SH:  0    Dex: 13    Spells: 7/7 levels left

rFire    . . .     SeeInvis .   b - +1 hand axe (freeze)
rCold    . . .     Gourm    .   (no shield)
rNeg     . . .     Faith    .   p - +1 leather armour {rPois}
rPois    +         Spirit   .   (helmet restricted)
rElec    .         Reflect  .   (no cloak)
rCorr    .         Harm     .   (no gloves)
MR       .....                  B - +0 pair of boots
Stlth    ++........             (no amulet)
Regen    0.3/turn               r - +2 ring of dexterity
MPRegen  0.1/turn               (no ring)

@: no status effects
A: retaliatory headbutt, horns 2
a: no special abilities


You were on level 8 of the Dungeon.
You were not hungry.

You visited 1 branch of the dungeon, and saw 7 of its levels.

You collected 376 gold pieces.

Inventory:

Hand Weapons
 a - a +1 shortbow
 b - a +1 hand axe of freezing (weapon)
 h - a +0 short sword
 m - a +0 hunting sling
 z - a +0 halberd
 C - a +0 trident of piercing
Missiles
 d - 56 arrows
 j - 4 tomahawks (quivered)
 k - 35 sling bullets
 K - 10 poisoned needles
Armour
 c - a +0 leather armour
 i - a +0 chain mail
 p - a +1 leather armour of poison resistance (worn)
 u - a +3 leather armour
 B - a +0 pair of boots (worn)
Jewellery
 r - a +2 ring of dexterity (left hand)
 E - a +5 ring of dexterity
 G - a cursed amulet of inaccuracy {unknown}
Wands
 D - a wand of lightning (9/15)
 L - a wand of polymorph (6/24)
Scrolls
 g - 4 scrolls of identify
 n - a scroll of recharging
 y - 4 scrolls of immolation
 F - 2 scrolls of silence
 H - a scroll of remove curse
 M - a scroll of amnesia
Potions
 e - a potion of curing {unknown}
 o - a potion of haste {unknown}
 q - a potion of invisibility
 s - a potion of lignification {unknown}
 t - a potion of magic
 w - a potion of might {unknown}
 x - a potion of agility {unknown}
 A - a potion of heal wounds {unknown}
Comestibles
 f - 6 bread rations
 l - 6 fruits
 v - a royal jelly


   Skills:
 + Level 6.8 Fighting
 + Level 4.3 Short Blades
 + Level 5.0 Axes
 + Level 9.4 Bows
 + Level 5.1 Armour
 + Level 5.4 Dodging
 + Level 3.9 Stealth


You had 7 spell levels left.
You didn't know any spells.

Dungeon Overview and Level Annotations

Branches:
Dungeon (6/15)
 Temple: D:4-7

Altars:
Fedhas
Qazlal
Xom

Annotations:
D:8 Maurice, Pikel


Innate Abilities, Weirdness & Mutations

You reflexively headbutt those who attack you in melee.
You have a pair of horns on your head.


Message History

Pikel shouts!
You headbutt the slave.
The slave is moderately wounded.
The slave hits you but does no damage.
You hit the slave. You freeze the slave. Your headbutt misses the slave.
The slave is heavily wounded.
The slave barely misses you. You furiously retaliate!
You headbutt the slave. The slave barely misses you. You furiously retaliate!
You headbutt the slave.
You see here an animal skin.
The slave barely misses you. x2; Pikel misses you.
You barely miss Pikel. Your headbutt misses Pikel.
Pikel is lightly wounded.
You completely miss the slave. You hit the slave. You freeze the slave.
The slave hits you.
* * * LOW HITPOINT WARNING * * *
The slave closely misses you.
Pikel hits you with a whip of electrocution.
* * * LOW HITPOINT WARNING * * *
You are electrocuted!
You die...

.?.. ..... #..(..
####(.(p..
####.....(...
#.........p.@
##########.###.##.....
##...[......p(.(# ....
##.........K@[#### ..
#..........(.p.#
#..............#
#..............#
#..............#
#..............#
##............##
##..........##
############


You could see Pikel and 2 slaves.

Vanquished Creatures
  2 slaves (D:8)
  A sky beast (D:4)
  3 ogres
  The ghost of Frank the Ducker, an amateur OpFi (D:4)
  A bullfrog (D:6)
  A howler monkey (D:6)
  2 crimson imps (D:5)
  A hound (D:4)
  A bullfrog zombie (D:5)
  A bullfrog skeleton (D:4)
  4 worker ants
  An iguana (D:5)
  Terence (D:2)
  A killer bee zombie (D:8)
  A hound zombie (D:6)
  5 gnolls
  A howler monkey skeleton (D:4)
  4 adders
  2 oozes
  A worm (D:2)
  3 dart slugs
  2 leopard geckos
  4 orcs
  2 bats
  7 giant cockroaches
  6 goblins
  7 hobgoblins
  3 jackals (D:1)
  3 quokkas
  3 ball pythons
  3 frilled lizards
  6 kobolds
  2 quokka zombies (D:5)
  3 rats
89 creatures vanquished.

Notes
Turn   | Place    | Note
-------+----------+-------------------------------------------
     0 | D:1      | doMalho the Minotaur Hunter began the quest for the Orb.
     0 | D:1      | Reached XP level 1. HP: 18/18 MP: 0/0
   293 | D:1      | Reached XP level 2. HP: 25/25 MP: 1/1
   471 | D:1      | Reached skill level 5 in Bows
   821 | D:2      | Noticed Terence
   830 | D:2      | Killed Terence
   830 | D:2      | Reached XP level 3. HP: 28/30 MP: 2/2
   912 | D:2      | Found a faded altar of an unknown god.
  1142 | D:2      | Reached skill level 1 in Armour
  1142 | D:2      | Reached XP level 4. HP: 27/37 MP: 3/3
  1424 | D:2      | Reached skill level 5 in Fighting
  1424 | D:2      | Reached skill level 7 in Bows
  1424 | D:2      | Reached skill level 5 in Armour
  1424 | D:2      | Reached skill level 5 in Dodging
  1424 | D:2      | Reached XP level 5. HP: 50/50 MP: 4/4
  1438 | D:3      | Found a stormy altar of Qazlal.
  2296 | D:4      | Found a blossoming altar of Fedhas.
  2301 | D:4      | Noticed a sky beast
  2304 | D:4      | Killed a sky beast
  2304 | D:4      | Reached XP level 6. HP: 57/57 MP: 5/5
  2310 | D:4      | Reached skill level 8 in Bows
  2491 | D:4      | Reached XP level 7. HP: 63/63 MP: 6/6
  2548 | D:4      | Noticed Frank's ghost (amateur OpFi)
  2569 | D:4      | Killed Frank's ghost
  2790 | D:5      | Entered Level 5 of the Dungeon
  3052 | D:5      | Reached skill level 5 in Axes
  3243 | D:5      | Found a shimmering altar of Xom.
  3420 | D:5      | Reached skill level 9 in Bows
  3748 | D:6      | Reached XP level 8. HP: 71/71 MP: 7/7
  3893 | D:6      | You fall through a shaft for 2 floors!
  3927 | D:8      | Noticed Maurice
  4021 | D:8      | Noticed Pikel
  4068 | D:8      | HP: 3/71 [Pikel/whip of electrocution (6)]
  4068 | D:8      | Mangled by Pikel

Skill      XL: |  1  2  3  4  5  6  7 |
---------------+----------------------+-----
Bows           | 5 7 8 9 |  9.4
Armour         | 1 5 |  5.1
Fighting       | 5 6 |  6.8
Short Blades   | 4 |  4.3
Axes           | 4 5 |  5.0
Dodging        | 5 |  5.4
Stealth        | 3 |  3.9

Action                   |  1- 3 |  4- 6 |  7- 9 || total
-------------------------+-------+-------+-------++-------
Melee: Hand axe          |       |     4 |    25 ||    29
       Headbutt          |       |     1 |     7 ||     8
       Shortbow          |       |       |     1 ||     1
 Fire: Shortbow          |    80 |    83 |   157 ||   320
  Use: Scroll            |       |    11 |     4 ||    15
       Potion            |       |     1 |       ||     1
  Eat: Chunk             |     1 |     4 |       ||     5
       Meat ration       |       |       |     1 ||     1
       Royal jelly       |       |       |     1 ||     1
Armor: Leather armour    |     5 |     9 |    15 ||    29
Dodge: Dodged            |     7 |    30 |    58 ||    95
